 Dungeon Crawl Stone Soup version 0.25-a0-435-g4b9beb1024 (webtiles) character file.

Game seed: 12776743342301582620, levelgen mode: deterministic

510 jabote the Caller (level 7, -1/46 HPs)
             Began as a Merfolk Summoner on Jan 27, 2020.
             Slain by a worker ant (4 damage)
             ... on level 5 of the Dungeon.
             The game lasted 00:46:44 (6311 turns).

jabote the Caller (Merfolk Summoner)                Turns: 6311, Time: 00:46:44

Health: -1/46      AC:  3    Str:  6    XL:     7   Next: 19%
Magic:  14/14      EV: 14    Int: 16    God:
Gold:   204        SH:  0    Dex: 14    Spells: 10/16 levels left

rFire    . . .     SeeInvis .   n - +3 spear of Worheat {vorpal, rN++ Str-3} (curse)
rCold    . . .     Gourm    .   (no shield)
rNeg     + + .     Faith    .   k - +0 robe
rPois    .         Spirit   .   (no helmet)
rElec    .         Reflect  .   (no cloak)
rCorr    .         Harm     .   b - +0 pair of gloves
MR       .....                  (no boots)
Stlth    +++.......             (no amulet)
HPRegen  0.15/turn              o - ring of wizardry
MPRegen  0.14/turn              r - ring of stealth

@: lethally poisoned (-1 -> -2)
A: change form in water, swift swim, stealthy swim
a: no special abilities


You were on level 5 of the Dungeon.
You were not hungry.

You visited 1 branch of the dungeon, and saw 5 of its levels.

You collected 204 gold pieces.

Inventory:

Hand Weapons
 j - a +0 scythe
 n - the cursed +3 spear of Worheat (weapon) {vorpal, rN++ Str-3}
   (You took it off Eustachio on level 4 of the Dungeon)

   It inflicts extra damage upon your enemies.
   It affects your strength (-3).
   It greatly protects you from negative energy.
   It has a curse placed upon it.
 q - a +0 dagger
Armour
 b - a +0 pair of gloves (worn)
 k - a +0 robe (worn)
 u - a +1 ring mail of fire resistance
Jewellery
 a - an uncursed amulet of harm
 o - a ring of wizardry (left hand)
 r - a ring of stealth (right hand)
Wands
 i - a wand of flame (16)
Scrolls
 d - a scroll of magic mapping {unknown}
 e - a scroll of amnesia {unknown}
 f - 2 scrolls of enchant weapon {unknown}
 g - 2 scrolls of identify {unknown}
 h - 3 scrolls of enchant armour {unknown}
 l - a scroll of immolation {unknown}
 m - 2 scrolls of teleportation
 s - a scroll of fog {unknown}
Potions
 p - a potion of agility
 t - a potion of ambrosia {unknown}
Comestibles
 c - 8 rations


   Skills:
 + Level 1.0 Short Blades
   Level 0.1 Maces & Flails
 + Level 0.1 Polearms
 + Level 3.6 Dodging
 + Level 2.5 Stealth
 * Level 5.0 Spellcasting
 * Level 6.1 Summonings


You had 10 spell levels left.
You knew the following spells:

 Your Spells              Type           Power        Failure   Level  Hunger
a - Summon Small Mammal   Summ           ###.         1%          1    None
b - Call Imp              Summ           ###.....     1%          2    #......
c - Call Canine Familiar  Summ           ###.....     1%          3    ###....

Your spell library contained the following spells:

 Spells                   Type           Power        Failure   Level  Hunger
 Summon Guardian Golem    Hex/Summ       ##......     5%          3    ###....
 Summon Ice Beast         Ice/Summ       ##......     17%         4    ####...
 Summon Lightning Spire   Summ/Air       ##......     17%         4    ####...


Dungeon Overview and Level Annotations

Branches:
Dungeon (5/15)
 Temple: D:4-7

Altars:
Dithmenos


Message History

The worm is lightly wounded.
The worker ant misses you. The worm misses you.
You puncture the worm!
The worm is heavily wounded.
The worker ant bites you but does no damage.
The worker ant bites you.
* * * LOW HITPOINT WARNING * * *
The worm closely misses you.
You hit the worm.
The worm is severely wounded.
You feel sick. The worker ant barely misses you.
You hit the worm.
You kill the worm!
Your Spellcasting skill increases to level 5!
The worker ant misses you. The worker ant closely misses you.
You feel sick. The worker ant bites you.
* * * LOW HITPOINT WARNING * * *
The worker ant bites you.
You die...

### ).# #####.# ...#.#
#####.#.############
####.#...a...............
.......>.@)........###....
###.#.#...###?####.# #...^
...#.#.# #.# #.# #.... ###
#.### ### #........ #..
#........ ... #....##.#
... #....##.# ...


You could see a worker ant.

Vanquished Creatures
  Eustachio (D:4)
  An ogre (D:5)
  2 worms
  A leopard gecko (D:1)
  A bat (D:1)
  2 hobgoblins
  2 frilled lizards
10 creatures vanquished.

Vanquished Creatures (collateral kills)
  Sigmund (D:2)
  A bullfrog zombie (D:5)
  A bullfrog skeleton (D:3)
  5 orc wizards
  5 worker ants
  8 adders
  3 oozes
  An adder skeleton (D:4)
  2 worms (D:2)
  2 dart slugs
  2 leopard geckos
  6 orcs
  A ball python (D:1)
  3 giant cockroaches
  13 hobgoblins
  5 jackals
  A quokka (D:3)
  4 bats
  3 frilled lizards
  8 goblins
  5 kobolds
  8 rats
88 creatures vanquished.

Grand Total: 98 creatures vanquished

Notes
Turn   | Place    | Note
-------+----------+-------------------------------------------
     0 | D:1      | jabote the Merfolk Summoner began the quest for the Orb.
     0 | D:1      | Reached XP level 1. HP: 13/13 MP: 3/3
   387 | D:1      | Reached XP level 2. HP: 19/19 MP: 1/5
   394 | D:1      | Learned a level 2 spell: Call Imp
  1265 | D:1      | Reached XP level 3. HP: 24/24 MP: 1/6
  2167 | D:2      | Noticed Sigmund
  2319 | D:2      | Killed Sigmund
  2319 | D:2      | Reached skill level 5 in Summonings
  2319 | D:2      | Reached XP level 4. HP: 13/30 MP: 1/9
  2319 | D:2      | Reached XP level 5. HP: 15/35 MP: 1/10
  2619 | D:2      | Learned a level 3 spell: Call Canine Familiar
  3654 | D:3      | Reached XP level 6. HP: 34/41 MP: 7/12
  4202 | D:4      | Noticed Eustachio
  5342 | D:4      | Identified the cursed +3 spear of Worheat {vorpal, rN++
                  | Str-3}
  5515 | D:4      | Killed Eustachio
  5924 | D:4      | Found a shadowy altar of Dithmenos.
  6208 | D:5      | Entered Level 5 of the Dungeon
  6267 | D:5      | Reached skill level 1 in Short Blades
  6267 | D:5      | Reached skill level 6 in Summonings
  6267 | D:5      | Reached XP level 7. HP: 45/46 MP: 10/14
  6309 | D:5      | Reached skill level 5 in Spellcasting
  6311 | D:5      | Slain by a worker ant

Levels and vault maps discovered:
D:1:      minmay_arrival_wavy_path, layout_loops_corners
D:2:      layout_basic, uniq_sigmund
D:3:      layout_rooms, first_ration, minmay_misc_feat_iff,
          kennysheep_generic_room_9
D:4:      layout_rooms, overflow_temple_1_default, uniq_eustachio
D:5:      layout_basic, yredelemnul_altar_generic, uniq_grinder, uniq_ijyb

Skill      XL: |  1  2  3  4  5  6  7 |
---------------+----------------------+-----
Spellcasting   | 3 4 5 |  5.0
Summonings     | 5 6 |  6.1
Dodging        | 3 |  3.6
Short Blades   | 1 |  1.0
Maces & Flails | |  0.1
Polearms       | |  0.1
Stealth        | |  2.5

Action                   |  1- 3 |  4- 6 |  7- 9 || total
-------------------------+-------+-------+-------++-------
Melee: Unarmed           |     2 |       |       ||     2
       Club              |    25 |       |       ||    25
       Scythe            |       |     3 |       ||     3
       Dagger            |       |    67 |       ||    67
       Spear             |       |     4 |    10 ||    14
 Cast: Summon Small Mamm |    39 |    11 |       ||    50
       Call Imp          |    34 |    49 |       ||    83
       Call Canine Famil |       |    25 |       ||    25
Evoke: Wand              |       |     1 |       ||     1
  Use: Scroll            |     2 |     1 |       ||     3
       Potion            |     1 |     6 |       ||     7
 Stab: Distracted        |     1 |     1 |       ||     2
  Eat: Chunk             |     6 |     5 |       ||    11
       Ration            |       |     4 |       ||     4
Armor: Robe              |    11 |    61 |     5 ||    77
       Skin              |       |    18 |       ||    18
Dodge: Dodged            |    35 |   162 |    19 ||   216

Table legend:
 A = Non-vault XP
 B = Vault XP
 C = Vault XP percentage of total XP
 D = Non-vault monster count
 E = Vault monster count
 F = Vault count percentage of total count
                 A         B        C        D         E       F
            +---------+---------+-------+---------+---------+-------
      Total |     493 |     236 |  32.4 |      94 |       4 |   4.1
            +---------+---------+-------+---------+---------+-------
        D:1 |      39 |       0 |   0.0 |      27 |       0 |   0.0
        D:2 |      39 |     119 |  75.3 |      19 |       1 |   5.0
        D:3 |     156 |       4 |   2.5 |      29 |       2 |   6.5
        D:4 |     119 |     113 |  48.7 |      15 |       1 |   6.2
        D:5 |     140 |       0 |   0.0 |       4 |       0 |   0.0
            +---------+---------+-------+---------+---------+-------
